 Dungeon Crawl Stone Soup version 0.30-a0-879-ga8ba668304 (webtiles) character file.

Game seed: 4008887912111711918

73096 Pimp the Destroyer (level 15, -6/92 HPs)
             Began as a Gargoyle Fire Elementalist on Mar 13, 2023.
             Was the Champion of Vehumet.
             Mangled by a two-headed ogre
             ... wielding a +0 giant club
              (14 damage)
             ... on level 1 of the Orcish Mines.
             The game lasted 01:33:53 (21155 turns).

Pimp the Destroyer (Gargoyle Fire Elementalist)    Turns: 21155, Time: 01:33:54

Health: -6/92      AC: 30    Str: 18    XL:     15   Next: 42%
Magic:  28/28      EV: 14    Int: 31    God:    Vehumet [******]
Gold:   1404       SH:  0    Dex: 10    Spells: 5/32 levels left

rFire   + + .      SeeInvis .    I - +4 scimitar (flame)
rCold   + . .      Faith    .    (no shield)
rNeg    + + .      Spirit   .    j - +5 leather armour of the Sun {rF+ rN+ Str+6}
rPois   ∞          Reflect  .    b - +2 helmet of the Camelopard {rF+ Regen+ Int+2 Stlth+}
rElec   +          Rampage  .    K - +2 cloak
rCorr   .                        (no gloves)
Will    ++...                    N - +2 pair of boots
Stlth   ++++                     u - amulet of regeneration
HPRegen 2.75/turn                J - +6 ring of intelligence
MPRegen 0.21/turn                i - ring of wizardry

@: flying
A: sickness immunity, AC +11, big wings, negative energy resistance 1,
electricity resistance, torment resistance 1, petrification resistance, cold
resistance 1, strong-willed 1, regeneration 1, MP-powered wands
a: Renounce Religion


You were on level 1 of the Orcish Mines.
You worshipped Vehumet.
Vehumet was exalted by your worship.
You visited 3 branches of the dungeon, and saw 20 of its levels.

You collected 1404 gold pieces.

Inventory:

Hand Weapons
 h - a +2 short sword of freezing
 D - a +3 falchion
 I - a +4 scimitar of flaming (weapon)
Missiles
 y - a throwing net
Armour
 b - the +2 helmet of the Camelopard (worn) {rF+ Regen+ Int+2 Stlth+}
   (You took it off Robin on level 4 of the Dungeon)

   Int:       It affects your intelligence (+2).
   rF:        It protects you from fire.
   Regen:     It increases your rate of health regeneration.
   Stlth:     It makes you more stealthy.
 f - a +1 cloak
 j - the +5 leather armour of the Sun (worn) {rF+ rN+ Str+6}
   (You found it on level 3 of the Dungeon)

   Str:       It affects your strength (+6).
   rF:        It protects you from fire.
   rN:        It protects you from negative energy.
 A - the +6 ring mail of Space {rPois}
   (You found it on level 7 of the Dungeon)

   rPois:     It protects you from poison.
 K - a +2 cloak (worn)
 N - a +2 pair of boots (worn)
Jewellery
 a - a ring of willpower
 g - a ring of willpower
 i - a ring of wizardry (right hand)
 k - a ring of protection from fire
 m - an amulet of the acrobat
 t - an amulet of guardian spirit
 u - an amulet of regeneration (around neck)
 w - a ring of flight
 H - a ring of protection from fire
 J - a +6 ring of intelligence (left hand)
 O - a +6 ring of strength
 T - a +4 ring of protection
Wands
 e - a wand of light (4)
 o - a wand of polymorph (11)
 x - a wand of flame (47)
 z - a wand of charming (18)
 E - a wand of digging (2)
 G - a wand of roots (10)
Scrolls
 d - 3 scrolls of vulnerability
 n - 7 scrolls of teleportation
 s - 2 scrolls of enchant armour
 M - 3 scrolls of poison
 Q - a scroll of fog
 R - a scroll of silence {unknown}
 S - a scroll of identify
 V - a scroll of acquirement {unknown}
Potions
 c - a potion of ambrosia {unknown}
 l - 3 potions of berserk rage
 p - 4 potions of lignification
 q - 4 potions of might
 r - 2 potions of mutation
 v - 4 potions of curing
 B - a potion of cancellation {unknown}
 C - 2 potions of haste
 F - a potion of attraction {unknown}
 L - 3 potions of flight
 P - 2 potions of heal wounds {unknown}
 U - a potion of resistance {unknown}


   Skills:
 + Level 10.0 Fighting
 - Level 4.7(7.2) Short Blades
 + Level 8.6(9.2) Long Blades
 + Level 9.9 Armour
 + Level 8.2 Dodging
 - Level 6.0 Stealth
 + Level 9.1 Spellcasting
 * Level 11.6 Conjurations
 + Level 10.2 Fire Magic
 + Level 7.5 Evocations


You had 5 spell levels left.
You knew the following spells:

 Your Spells              Type           Power      Damage    Failure   Level
a - Foxfire               Conj/Fire      100%       2x1d9     1%          1
b - Scorch                Fire           100%       2d10      1%          2
c - Inner Flame           Hex/Fire       45%        N/A       1%          3
d - Kindle Blastsparks    Fire/Tloc/Air  70%        2d15      1%          3
e - Flame Wave            Conj/Fire      69%        2d16      1%          4
f - Searing Ray           Conj           100%       2d8       1%          2
g - Sticky Flame          Conj/Fire      69%        2d8       1%          4
h - Mephitic Cloud        Conj/Pois/Air  38%        N/A       1%          3
i - Lightning Bolt        Conj/Air       25%        1d41      1%          5

Your spell library contained the following spells:

 Spells                   Type           Power      Damage    Failure   Level
 Orb of Destruction       Conj           36%        9d11      3%          7
 Kiss of Death            Conj/Necr      100%       2d13      1%          1
 Magic Dart               Conj           100%       1d8       1%          1
 Slow                     Hex            56%        N/A       1%          1
 Summon Small Mammal      Summ           56%        N/A       1%          1
 Momentum Strike          Conj/Tloc      100%       3d10      1%          2
 Dazzling Flash           Conj/Hex       100%       N/A       1%          3
 Arcjolt                  Conj/Air       25%        1d35      1%          5
 Blink                    Tloc           28%        N/A       2%          2
 Call Imp                 Summ           14%        N/A       2%          2
 Ensorcelled Hibernation  Hex/Ice        28%        N/A       2%          2
 Lesser Beckoning         Tloc           28%        N/A       2%          2
 Call Canine Familiar     Summ           14%        N/A       4%          3
 Gell's Gravitas          Tloc           14%        N/A       4%          3
 Spider Form              Tmut/Pois      14%        N/A       4%          3
 Summon Guardian Golem    Hex/Summ       14%        N/A       4%          3
 Teleport Other           Tloc           14%        N/A       4%          3
 Vhi's Electric Charge    Tloc/Air       28%        N/A       4%          3
 Anguish                  Hex/Necr       7%         N/A       16%         4
 Cause Fear               Hex            7%         N/A       16%         4
 Agony                    Necr           14%        N/A       41%         5
 Silence                  Hex/Air        7%         N/A       41%         5
 Dispersal                Tloc           7%         N/A       91%         6
 Discord                  Hex            7%         N/A       100%        8
 Maxwell's Capacitive Co  Air            7%         ∞         100%        8


Dungeon Overview and Level Annotations

Branches:
Dungeon (13/15)            Temple (0/1) D:7            Lair (5/5) D:8
 Shoals (0/4) Lair:3       Spider (0/4) Lair:2        Slime (0/5) Lair:4
    Orc (2/2) D:11
    Elf: Orc:2       Vaults: D:13-14

Altars:
Dithmenos
Fedhas
Hepliaklqana
Makhleb
Nemelex Xobeh
Sif Muna
Trog
Uskayaw
Vehumet
Wu Jian
Jiyva

Annotations:
D:11 5 runed translucent doors, pigah's ghost, journeyman OpWn
Lair:4 1 runed translucent door


Innate Abilities, Weirdness & Mutations

You are immune to sickness and miasma.
Your stone body is resilient. (AC +11)
You are immune to poison.
Your large and strong wings let you fly.
You resist negative energy. (rN+)
You are resistant to electric shocks. (rElec)
You are resistant to unholy torment.
You are immune to petrification.
Your flesh is cold resistant. (rC+)
You are strong-willed. (Will+)
Your natural rate of healing is unusually fast.
You expend magic power (3 MP) to strengthen your wands.


Message History

The deep troll barely misses you.
The deep troll claws you but does no damage.
The deep troll claws you.
* * * LOW HITPOINT WARNING * * *
You fly upwards.
Reactivating autopickup.
There is a stone staircase leading down here.
You feel better.
The two-headed ogre hits you with a +0 dire flail.
The two-headed ogre closely misses you.
The two-headed ogre hits you with a +0 giant club!
* * * LOW HITPOINT WARNING * * *
The two-headed ogre barely misses you. The two-headed ogre closely misses you.
The two-headed ogre hits you with a +0 giant club!
* * * LOW HITPOINT WARNING * * *
The deep troll bites you but does no damage.
The deep troll claws you but does no damage. x2
The two-headed ogre closely misses you.
The two-headed ogre hits you with a +0 giant spiked club.
* * * LOW HITPOINT WARNING * * *
The orc warrior hits you but does no damage.
Okay, then.
Casting: Flame Wave (safe; 1% risk of failure)
Confirm with . or Enter, or press ? or * to list all spells.
Okay, then.
Casting: Flame Wave (safe; 1% risk of failure)
Confirm with . or Enter, or press ? or * to list all spells.
Aiming: Mephitic Cloud (safe; 1% risk of failure)
Press: ? - help, Shift-Dir - straight line, f - deep troll
Aim: a deep troll (heavily wounded, chance to affect: 53%)
Okay, then.
Unknown command.
Okay, then.
Unknown command.
The two-headed ogre misses you.
The two-headed ogre hits you but does no damage.
Keep disrobing?
The two-headed ogre barely misses you. The two-headed ogre misses you.
The two-headed ogre hits you with a +0 giant club!
You die...

#....#....#
#....##...# ###
##...#...#####
##.#####.....##.#.#
###.....#....#####..#
##.##..........#......
#<))#).....##.#.......
##).O)##....##....##..
##)o@O#...#####......
##OTO....# ##....#
#[.....## ##....
###.[....## ##..#
#.#)[.....## ####
#.)[###....# #.
##...#....## ##
####..[.....## #
##.#...).)#### #


You could see 4 two-headed ogres, a deep troll and an orc warrior (strong).

Vanquished Creatures
  An orc warlord (Orc:1)
  Josephine (D:10)
  A hydra (Lair:5)
  An ogre mage (Orc:2)
  2 boulder beetles
  A catoblepas (Lair:4)
  4 two-headed ogres
  Erica (D:9)
  10 death yaks
  An orc high priest (Orc:1)
  Sonja (Lair:1)
  2 skysharks (Lair:2)
  A pharaoh ant (Lair:2)
  A deep troll (Orc:2)
  2 orc sorcerers (Orc:1)
  An ugly thing (D:11)
  A wolf spider (Lair:5)
  A manticore (D:12)
  An oklob plant (Lair:4)
  2 cyclopes
  12 elephants (Lair:3)
  A guardian serpent (Lair:5)
  19 cane toads
  2 torpor snails
  5 black mambas
  6 rime drakes
  11 komodo dragons
  Psyche (D:8)
  11 trolls
  3 hornets
  Grinder (D:3)
  22 blink frogs
  4 polar bears
  A tarantella (Lair:2)
  A snapping turtle (Lair:3)
  29 dream sheep
  A jumping spider (Lair:2)
  9 slime creatures (D:12)
  10 wyverns
  46 yaks
  5 wraiths (D:9)
  A shadow (D:9)
  2 redbacks
  3 basilisks
  9 vampire mosquitoes
  3 steam dragons
  Menkaure (D:6)
  Edmund (D:6)
  2 acid dragons
  25 water moccasins
  2 hell hounds (D:10)
  Duvessa (D:6)
  14 orc warriors
  2 black bears
  4 centaurs
  15 ogres
  15 wolves (Lair:1)
  A kobold brigand (D:9)
  Blork the orc (D:4)
  A gnoll sergeant (D:7)
  5 scorpions
  10 bullfrogs
  9 wights
  Dowan (D:6)
  4 killer bees (D:9)
  A howler monkey (D:6)
  7 electric eels
  4 hounds
  3 jellies
  17 orc priests
  A gnoll bouda (D:6)
  Crazy Yiuf (D:2)
  5 iguanas
  10 orc wizards
  Robin (D:4)
  12 gnolls
  8 adders
  3 shadow imps
  2 white imps
  2 ufetubi
  A worm (D:2)
  2 dart slugs
  53 orcs
  6 bats
  6 endoplasms
  2 giant cockroaches (D:1)
  9 goblins
  8 hobgoblins
  5 quokkas
  8 ball pythons
  A frilled lizard (D:1)
  10 kobolds
  4 rats
  A bush (Lair:5)
  3 butterflies
564 creatures vanquished.

Vanquished Creatures (collateral kills)
  A foxfire (D:6)
1 creature vanquished.

Vanquished Creatures (others)
  368 foxfires
  41 fungi
  80 plants
489 creatures vanquished.

Grand Total: 1054 creatures vanquished

Notes
Turn   | Place    | Note
-------+----------+-------------------------------------------
     0 | D:1      | Pimp the Gargoyle Fire Elementalist began the quest for the
                  | Orb.
     0 | D:1      | Reached XP level 1. HP: 10/10 MP: 3/3
   170 | D:1      | Reached XP level 2. HP: 12/15 MP: 3/5
   561 | D:1      | Found a faded altar of an unknown god.
   666 | D:1      | Reached XP level 3. HP: 19/19 MP: 4/6
  1129 | D:2      | Reached skill level 2 in Conjurations
  1230 | D:2      | Reached XP level 4. HP: 22/24 MP: 1/7
  1288 | D:2      | Found a runed translucent door.
  1289 | D:2      | Noticed Crazy Yiuf
  1698 | D:2      | Found a radiant altar of Vehumet.
  1864 | D:2      | Became a worshipper of Vehumet
  1963 | D:2      | Learned a level 2 spell: Scorch
  1967 | D:2      | Learned a level 3 spell: Inner Flame
  2045 | D:2      | HP: 1/24 [Crazy Yiuf/+2 quarterstaff of chaos (13)]
  2046 | D:2      | Killed Crazy Yiuf
  2210 | D:3      | Noticed Grinder
  2213 | D:3      | Paralysed by Grinder for 3 turns
  2225 | D:2      | Reached XP level 5. HP: 18/28 MP: 1/9
  2339 | D:3      | Identified the +5 leather armour of the Sun {rF+ rN+ Str+6}
  2558 | D:3      | Learned a level 3 spell: Kindle Blastsparks
  2573 | D:3      | Killed Grinder
  2574 | D:3      | Reached skill level 3 in Conjurations
  2574 | D:3      | Reached XP level 6. HP: 32/32 MP: 3/10
  2988 | D:3      | Found a burning altar of Makhleb.
  2990 | D:3      | Noticed a cacodemon
  3273 | D:4      | Reached XP level 7. HP: 36/36 MP: 1/12
  3740 | D:4      | Noticed Blork the orc
  3751 | D:4      | Killed Blork the orc
  3845 | D:4      | Found a blossoming altar of Fedhas.
  3845 | D:4      | Identified the +2 helmet of the Camelopard {rF+ Regen+
                  | Int+2 Stlth+}
  3845 | D:4      | Noticed Robin
  3871 | D:4      | Killed Robin
  3871 | D:4      | Reached * piety under Vehumet
  3871 | D:4      | Offered knowledge of Freeze by Vehumet.
  3900 | D:4      | Learned a level 4 spell: Flame Wave
  4112 | D:4      | Reached skill level 1 in Fighting
  4205 | D:4      | Found a bloodstained altar of Trog.
  4482 | D:5      | Entered Level 5 of the Dungeon
  4488 | D:5      | Reached skill level 1 in Armour
  4584 | D:5      | Reached skill level 1 in Short Blades
  4749 | D:5      | Reached XP level 8. HP: 44/44 MP: 9/13
  4796 | D:5      | Reached skill level 4 in Conjurations
  5184 | D:6      | Noticed Menkaure
  5202 | D:6      | Killed Menkaure
  5281 | D:6      | Reached skill level 5 in Stealth
  5367 | D:6      | Noticed Dowan
  5401 | D:5      | Reached skill level 5 in Fire Magic
  5480 | D:6      | Noticed Duvessa
  5600 | D:6      | Killed Dowan
  5600 | D:6      | Killed Duvessa
  6266 | D:6      | Found an ornate altar of the Wu Jian Council.
  6272 | D:6      | Found a hazy altar of Hepliaklqana.
  6282 | D:6      | Reached XP level 9. HP: 46/51 MP: 7/15
  6409 | D:6      | Noticed Edmund
  6424 | D:6      | Killed Edmund
  6603 | D:7      | Identified the +6 ring mail of Space {rPois}
  6689 | D:7      | Found a sparkling altar of Nemelex Xobeh.
  6702 | D:7      | Offered knowledge of Searing Ray by Vehumet.
  6814 | D:7      | Learned a level 2 spell: Searing Ray
  6843 | D:7      | Reached ** piety under Vehumet
  6844 | D:7      | Reached skill level 5 in Conjurations
  6994 | D:7      | Noticed a hornet
  7008 | D:7      | Killed a hornet
  7313 | D:7      | Found a staircase to the Ecumenical Temple.
  7362 | D:8      | Found a staircase to the Lair.
  7484 | D:8      | Noticed a two-headed ogre
  7537 | D:8      | Noticed Psyche
  7553 | D:8      | Killed Psyche
  7554 | D:8      | Reached skill level 5 in Spellcasting
  7695 | D:8      | Reached skill level 1 in Evocations
  7742 | D:8      | Offered knowledge of Static Discharge by Vehumet.
  7779 | D:8      | Killed a two-headed ogre
  7780 | D:8      | Reached XP level 10. HP: 58/58 MP: 6/17
  7793 | D:8      | Reached skill level 6 in Conjurations
  8276 | D:9      | Found a shadowy altar of Dithmenos.
  8280 | D:9      | Reached skill level 5 in Fighting
  8382 | D:9      | Learned a level 4 spell: Sticky Flame
  8403 | D:9      | Reached *** piety under Vehumet
  8634 | D:9      | Reached skill level 5 in Armour
  8636 | D:9      | Reached skill level 5 in Dodging
  9140 | D:9      | Found a shimmering blue altar of Sif Muna.
  9149 | D:9      | Got Sif Muna's Codex of Allies
  9151 | D:9      | Got Sif Muna's Folio of the Grave and Arcane Combat
  9154 | D:9      | Got Sif Muna's Catalogue of Enchantment
  9290 | D:10     | Entered Level 10 of the Dungeon
  9501 | D:10     | Noticed Erica
  9507 | D:10     | Noticed Josephine
  9520 | D:9      | Killed Erica
  9521 | D:9      | Reached XP level 11. HP: 54/64 MP: 8/20
  9616 | D:9      | Offered knowledge of Fulminant Prism by Vehumet.
  9617 | D:9      | Reached skill level 7 in Conjurations
  9940 | D:10     | Reached skill level 1 in Long Blades
 10010 | D:10     | Killed Josephine
 10474 | D:10     | Found a hide-covered altar of Uskayaw.
 10476 | D:10     | Noticed a +0 dagger
 10476 | D:10     | Noticed a +0 hand axe
 10503 | D:10     | Noticed a hell knight
 10886 | D:10     | Learned a level 3 spell: Mephitic Cloud
 11128 | D:11     | Found a runed translucent door.
 11188 | D:11     | Reached **** piety under Vehumet
 11194 | D:11     | Noticed a purple ugly thing
 11218 | D:11     | Killed a purple ugly thing
 11277 | D:11     | Found a huge runed translucent gate.
 11277 | D:11     | Found a huge runed translucent gate.
 11278 | D:11     | Found a huge runed translucent gate.
 11278 | D:11     | Noticed a death yak
 11279 | D:11     | Found a huge runed translucent gate.
 11279 | D:11     | Noticed a manticore
 11279 | D:11     | Noticed a death yak
 11303 | D:11     | Offered knowledge of Fireball by Vehumet.
 11304 | D:11     | Reached XP level 12. HP: 71/71 MP: 11/21
 11383 | D:11     | Noticed a two-headed ogre
 11394 | D:11     | Killed a two-headed ogre
 11696 | D:11     | Identified the +1 leather armour of Discretion {Rampage
                  | rPois rF+}
 11903 | D:11     | Found a staircase to the Orcish Mines.
 12119 | D:11     | Noticed pigah's ghost (journeyman OpWn)
 12370 | D:12     | Noticed a boulder beetle
 12460 | D:12     | Killed a boulder beetle
 12726 | D:12     | Reached skill level 8 in Conjurations
 13576 | D:13     | Noticed a tengu warrior
 13599 | D:13     | Noticed a centaur warrior
 13605 | D:12     | Learned a level 1 spell: Foxfire
 13719 | D:12     | Gained mutation: You are strong-willed. (Will+) [potion of
                  | mutation]
 13719 | D:12     | Gained mutation: You expend magic power (3 MP) to
                  | strengthen your wands. [potion of mutation]
 13719 | D:12     | Gained mutation: Your natural rate of healing is unusually
                  | fast. [potion of mutation]
 13719 | D:12     | Gained mutation: Your flesh is cold resistant. (rC+)
                  | [potion of mutation]
 13785 | Lair:1   | Entered Level 1 of the Lair of Beasts
 13897 | Lair:1   | Reached skill level 5 in Long Blades
 13922 | Lair:1   | Noticed Sonja
 13930 | Lair:1   | Killed Sonja
 13931 | Lair:1   | Reached skill level 5 in Evocations
 14239 | Lair:1   | Reached ***** piety under Vehumet
 14270 | Lair:1   | Reached XP level 13. HP: 78/78 MP: 14/24
 14369 | Lair:1   | Offered knowledge of Lightning Bolt by Vehumet.
 14823 | Lair:2   | Found a hole to the Spider Nest.
 15109 | Lair:2   | Reached skill level 9 in Conjurations
 16119 | Lair:3   | Gained mutation: Your large and strong wings let you fly.
                  | [Gargoyle growth]
 16119 | Lair:3   | Reached XP level 14. HP: 84/84 MP: 21/26
 16343 | Lair:3   | Found a staircase to the Shoals.
 16833 | Lair:3   | Learned a level 5 spell: Lightning Bolt
 16938 | Lair:4   | You are sucked into a shaft and drop 1 floor!
 16938 | Lair:5   | Entered Level 5 of the Lair of Beasts
 16969 | Lair:5   | Offered knowledge of Eringya's Noxious Bog by Vehumet.
 17034 | Lair:4   | Found a runed translucent door.
 17035 | Lair:4   | Found a viscous altar of Jiyva.
 17036 | Lair:4   | Noticed an acid blob
 17044 | Lair:4   | Reached skill level 10 in Conjurations
 17047 | Lair:4   | Found a staircase to the Slime Pits.
 17258 | Lair:3   | HP: 3/86 [death yak (11)]
 18550 | Lair:5   | Identified the +4 falchion of a sewer {venom, rElec}
 19629 | Lair:5   | Found a shadowy altar of Dithmenos.
 19785 | Lair:5   | Reached XP level 15. HP: 65/92 MP: 19/27
 19788 | Lair:5   | Reached skill level 11 in Conjurations
 19949 | Lair:5   | Reached skill level 10 in Fire Magic
 20271 | Orc:1    | Entered Level 1 of the Orcish Mines
 20294 | Orc:1    | Noticed an orc warlord
 20334 | Orc:1    | Killed an orc warlord
 20512 | Orc:1    | Reached ****** piety under Vehumet
 20512 | Orc:1    | Offered knowledge of Orb of Destruction by Vehumet.
 20909 | Orc:2    | Entered Level 2 of the Orcish Mines
 21040 | Orc:1    | Reached skill level 10 in Fighting
 21148 | Orc:2    | Noticed an orc warlord
 21155 | Orc:1    | Mangled by a two-headed ogre

Illustrated notes

Levels and vault maps discovered:
D:1:      nzn_arrival_crosshair, layout_basic,
          ebering_ecumenical_altar_abandoned
D:2:      layout_loops_ring, basic_altar, kennysheep_small_spiral,
          uniq_crazy_yiuf_cottage
D:3:      layout_loops_ring, makhleb_altar_promises_db, kennysheep_boxes,
          uniq_grinder
D:4:      layout_loops_ring, lemuel_tele_altar, mainiacjoe_overflow_alcove_4,
          grunt_decor_resistance, nicolae_underground_beach, uniq_robin,
          uniq_blork_the_orc
D:5:      layout_basic
D:6:      layout_rooms, nicolae_overflow_squiral, hangedman_decor_riveting,
          roderic_serpentine_path, uniq_menkaure, uniq_edmund, uniq_duvessa
D:7:      layout_rooms, mainiacjoe_overflow_catwalk,
          minmay_temple_entry_butterflies
D:8:      layout_gridville, lair_entry_dummy, minivault_25, uniq_psyche
D:9:      layout_basic, grunt_dithmenos_shadows,
          nicolae_sif_muna_little_library, nicolae_figureground_pulse
D:10:     layout_cave_pools, dancing_weapons_uskayaw, kennysheep_donut,
          minmay_rotating_lava, uniq_erica, uniq_josephine
D:11:     lemuel_bear_cage, layout_basic, orc_0_dummy,
          ebering_ghost_reflecting_pool
D:12:     nicolae_cairo_tiling, layout_basic
D:13:     layout_irregular_city, hangedman_vaults_entry_quadrant_bands,
          ebering_ghost_inner_flame, trog_three_pillars_becter, uniq_erolcha,
          uniq_nessos
Lair:1:   layout_big_grid, serial_bayou_shore_a, uniq_sonja
Lair:2:   layout_chaotic_city, nicolae_spider_entry_lesser_pyramids,
          beast_lair_carwin_3
Lair:3:   layout_layer_cave, minmay_shoals_entry_hut, lemuel_fruit_fields,
          grunt_megastairs_1, lemuel_fruit_tree, serial_bayou_shore_b
Lair:4:   layout_cave_pods, slime_entry_2,
          hellmonk_guarded_unrand_seven_league_boots,
          infiniplex_staircase_pool_2, serial_bayou_shore_b, grunt_megastairs_2
Lair:5:   hangedman_lair_tendril_chambers, layout_regular_city, basic_altar,
          nicolae_quartered_pool_medium
Orc:1:    layout_diamond_mine, serial_shops, nicolae_shop_advertising_works
          [nicolae_subvault_shop_adworks], basic_altar, minmay_orc_temple_c
Orc:2:    st_orc_open, layout_caves

Skill      XL: |  1  2  3  4  5  6  7  8  9 10 11 12 13 14 15 |
---------------+----------------------------------------------+-----
Dodging        | 2 3 4 5 6 7 8 |  8.2
Conjurations   | 2 3 4 5 6 7 8 9 10 11 | 11.6
Stealth        | 3 4 5 6 |  6.0
Spellcasting   | 3 4 5 6 7 8 9 |  9.1
Fire Magic     | 4 5 6 7 8 9 10 | 10.2
Fighting       | 2 3 4 5 6 7 8 9 10 | 10.0
Armour         | 1 2 4 5 6 7 8 9 |  9.9
Short Blades   | 1 2 3 4 |  4.7
Evocations     | 1 3 4 5 6 7 |  7.5
Long Blades    | 3 5 7 8 |  8.6

Action                     |  1- 3 |  4- 6 |  7- 9 | 10-12 | 13-15 || total
---------------------------+-------+-------+-------+-------+-------++-------
  Melee: Dagger            |    45 |    28 |       |       |       ||    73
         Short sword       |       |    44 |   164 |    39 |       ||   247
         Punch             |       |     2 |     3 |     6 |     4 ||    15
         Scimitar          |       |       |       |   129 |   327 ||   456
   Cast: Foxfire           |    43 |    32 |    65 |    73 |    29 ||   242
         Scorch            |       |    17 |    85 |    85 |    84 ||   271
         Kindle Blastspark |       |     2 |       |    21 |    15 ||    38
         Flame Wave        |       |       |     7 |    29 |    44 ||    80
         Searing Ray       |       |       |     1 |    10 |     6 ||    17
         Sticky Flame      |       |       |       |    11 |    42 ||    53
         Mephitic Cloud    |       |       |       |     3 |     6 ||     9
         Inner Flame       |       |       |       |       |     1 ||     1
         Lightning Bolt    |       |       |       |       |     2 ||     2
  Evoke: Wand              |       |       |       |     1 |       ||     1
    Use: Scroll            |     2 |     6 |     9 |    11 |     4 ||    32
         Potion            |       |     1 |     1 |     1 |     8 ||    11
   Stab: Sleeping          |     1 |     3 |     6 |     6 |     5 ||    21
         Confused          |       |       |       |     1 |     1 ||     2
         Distracted        |       |       |       |       |     1 ||     1
 Armour: Robe              |    31 |     4 |       |       |       ||    35
         Leather armour    |       |    45 |   152 |   234 |   424 ||   855
  Dodge: Dodged            |    50 |    96 |   166 |   292 |   523 ||  1127

Table legend: (Time is in decaauts)
 A = Elapsed time spent in this place.
 B = Non-inter-level travel time spent in this place.
 C = Inter-level travel time spent in this place.
 D = Time resting spent in this place.
 E = Time spent auto-exploring this place.
 F = Levels seen in this place.
 G = Mean time per level.
                   A        B        C        D        E       F      G
               +--------+--------+--------+--------+--------+-----+--------+
         Total |  21204 |  19927 |   1277 |   5474 |   9741 |  20 | 1060.2 |
       Dungeon |  14034 |  13294 |    740 |   3735 |   6509 |  13 | 1079.5 |
          Lair |   6410 |   5907 |    503 |   1424 |   3035 |   5 | 1282.0 |
  Orcish Mines |    759 |    726 |     33 |    315 |    197 |   2 |  379.5 |
               +--------+--------+--------+--------+--------+-----+--------+

Top non-repeatable levels by time:
     D:9: 2031 daAuts
  Lair:5: 1810 daAuts
  Lair:3: 1551 daAuts
    D:11: 1446 daAuts
     D:2: 1434 daAuts
    D:12: 1400 daAuts
  Lair:4: 1248 daAuts
     D:4: 1237 daAuts
    D:10: 1105 daAuts
     D:5: 1053 daAuts
     D:6: 1037 daAuts
     D:3: 935 daAuts
  Lair:1: 901 daAuts
  Lair:2: 897 daAuts
     D:1: 873 daAuts
